 Dungeon Crawl Stone Soup version 0.21-a0-630-g344d351 (webtiles) character file.

7 Laraso the Conjurer (level 2, 15/15 HPs)
             Began as a Kobold Conjurer on Dec 25, 2017.
             Quit the game on level 1 of the Dungeon on Feb 9, 2018.
             The game lasted 00:00:59 (520 turns).

Laraso the Conjurer (Kobold Conjurer)                Turns: 520, Time: 00:00:59

Health: 15/15      AC:  2    Str:  5    XL:     2   Next: 5%
Magic:  4/5        EV: 15    Int: 16    God:
Gold:   45         SH:  0    Dex: 15    Spells: 5/6 levels left

rFire    . . .     SeeInvis .   (weapon restricted)
rCold    . . .     Gourm    .   (shield restricted)
rNeg     . . .     Faith    .   a - +0 robe
rPois    .         Spirit   .   (no helmet)
rElec    .         Reflect  .   (no cloak)
rCorr    .         Harm     .   (no gloves)
MR       .....                  (no boots)
Stlth    ++........             (no amulet)
HPRegen  0.05/turn              (no ring)
MPRegen  0.09/turn              (no ring)

@: no status effects
A: small, carnivore
a: no special abilities


You were on level 1 of the Dungeon.
You were not hungry.

You visited 1 branch of the dungeon, and saw 1 of its levels.

You collected 45 gold pieces.

Inventory:

Armour
 a - a +0 robe (worn)
Potions
 d - a potion of mutation {unknown}
 e - a potion of agility {unknown}
 f - a potion of flight {unknown}
 g - a potion of might {unknown}
Books
 b - a book of Conjurations

   Spells                             Type                      Level
   a - Magic Dart                     Conjuration                  1
   b - Searing Ray                    Conjuration                  2
   c - Dazzling Spray                 Conjuration/Hexes            3
   d - Fulminant Prism                Conjuration/Hexes            4
   e - Force Lance                    Conjuration/Translocation    4
   f - Iskenderun's Mystic Blast      Conjuration                  4
Comestibles
 c - a ration


   Skills:
 - Level 2.4 Dodging
 - Level 2.6 Stealth
 * Level 2.8 Spellcasting
 - Level 4.0 Conjurations


You had 5 spell levels left.
You knew the following spells:

 Your Spells              Type           Power        Failure   Level  Hunger
a - Magic Dart            Conj           ###.         3%          1    #......


Dungeon Overview and Level Annotations

Branches:
Dungeon (1/15)

Altars:


Innate Abilities, Weirdness & Mutations

You are small and have problems with some larger weapons.
You are carnivorous and can eat meat at any time.


Message History

The hobgoblin shouts!
Aim: a hobgoblin The magic dart hits the hobgoblin.
You now have 2/3 mp.
Aim: a hobgoblin (heavily wounded)
The magic dart hits the hobgoblin.
You now have 1/3 mp.
A hobgoblin is nearby!
Aim: a hobgoblin (heavily wounded)
The magic dart hits the hobgoblin.
You kill the hobgoblin!
* * * LOW MAGIC WARNING * * *
You now have 0/4 mp.
You start resting.
MP restored: 4 You now have 36 gold pieces (gained 18).
g - a smoky emerald potion
Found 31 stones.
h - a scroll labeled YLISTA IPHUG As you open the door, it creaks loudly!
A dart slug comes into view.
There is an open door here.
A dart slug is nearby!
A dart slug is nearby!
Aim: a dart slug (hasn't noticed you)
The magic dart hits the dart slug.
You now have 3/4 mp.
Aim: a dart slug (lightly wounded)
The magic dart hits the dart slug.
You now have 2/4 mp.
Aim: a dart slug (severely wounded)
The magic dart hits the dart slug.
You kill the dart slug!
You have reached level 2!
Health restored: 15 You now have 1/5 mp.
You start resting.
MP restored: 5 You start waiting.
Done waiting.
Found 9 gold pieces.
You now have 45 gold pieces (gained 9).
A ball python comes into view.
A ball python is nearby!
A ball python is nearby!
As you read the scroll labeled YLISTA IPHUG, it crumbles to dust.
It is a scroll of amnesia.
Okay, then.
Unknown command.
Aim: a ball python (resting)
The magic dart hits the ball python.
You kill the ball python!
You now have 4/5 mp.
You can't see any susceptible monsters within range! (Use Z to cast anyway.) Unknown command.
Unknown command.
Unknown command.
Unknown command.
Saving game... please wait.
Welcome back, Laraso the Kobold Conjurer.

....# ##.......####
...####...........###
......+.............##
...####...........#..##
#.## ##......#.......##
...# ##......#..#....#
#..# ##......#.......
#..# ##.......#.#.#.
#(.# ##....@#......
.(.# #....#..#.... ##.#
#...#....#... .. #..#
.....#.. #.# ....... #.
........ # #.####† ..


There were no monsters in sight!

Vanquished Creatures
  A dart slug (D:1)
  A hobgoblin (D:1)
  A ball python (D:1)
  2 kobolds (D:1)
  A rat (D:1)
6 creatures vanquished.

Notes
Turn   | Place    | Note
-------+----------+-------------------------------------------
     0 | D:1      | Laraso the Kobold Conjurer began the quest for the Orb.
     0 | D:1      | Reached XP level 1. HP: 10/10 MP: 3/3
   364 | D:1      | Reached XP level 2. HP: 15/15 MP: 1/5
   520 | D:1      | Quit the game

Vault maps used:
D:1:      dpeg_arrival_fog, hangedman_decor_opposing, minmay_domino_2

Action                   || total
-------------------------++-------
Melee: Unarmed           ||     5
 Cast: Magic Dart        ||    12
  Use: Scroll            ||     3
Dodge: Dodged            ||     7

Table legend:
 A = Spawn XP
 B = Non-spawn XP
 C = Spawn XP percentage of total XP
 D = Spawn monster count
 E = Non-spawn monster count
 F = Spawn count percentage of total count
 G = Total turns spent on level
                    A         B        C        D         E        F      G
               +---------+---------+-------+---------+---------+-------+---------
         Total |       0 |      10 |   0.0 |       0 |       6 |   0.0 |   520
               +---------+---------+-------+---------+---------+-------+---------
           D:1 |       0 |      10 |   0.0 |       0 |       6 |   0.0 |   520
               +---------+---------+-------+---------+---------+-------+---------

Table legend:
 A = Kills in this place as a percentage of kills in entire the game.
 B = Kills by you in this place as a percentage of kills by you in the entire game.
 C = Kills by friends in this place as a percentage of kills by friends in the entire game.
 D = Other kills in this place as a percentage of other kills in the entire game.
 E = Experience gained in this place as a percentage of experience gained in the entire game.
 F = Experience gained in this place divided by the number of levels of this place that you have seen.
                   A       B       C       D       E      F
               +-------+-------+-------+-------+-------+----------------------
         Total | 100.0 | 100.0 |   N/A |   N/A | 100.0 |  10.0
       Dungeon | 100.0 | 100.0 |   N/A |   N/A | 100.0 |  10.0
               +-------+-------+-------+-------+-------+----------------------

Table legend:
 A = Turns spent in this place as a percentage of turns spent in the entire game.
 B = Non-inter-level travel turns spent in this place as a percentage of non-inter-level travel turns spent in the entire game.
 C = Inter-level travel turns spent in this place as a percentage of turns spent in this place.
 D = Turns resting spent in this place as a percentage of non-inter-level travel turns spent in this place.
 E = Turns spent auto-exploring this place as a percentage of non-inter-level travel turns spent in this place.
 F = Non-inter-level travel turns spent in this place divided by the number of levels of this place that you've seen.
                   A       B       C       D       E      F
               +-------+-------+-------+-------+-------+----------------------
         Total | 100.0 | 100.0 |   2.5 |  54.8 |  33.9 | 507.0
       Dungeon | 100.0 | 100.0 |   2.5 |  54.8 |  33.9 | 507.0
               +-------+-------+-------+-------+-------+----------------------

Vault maps used:
D:1:      dpeg_arrival_fog, hangedman_decor_opposing, minmay_domino_2
